 Dungeon Crawl Stone Soup version 0.19-a0-1051-gdb7e7f8 (webtiles) character file.

63 mistymad the Ruffian (level 3, 0/37 HPs)
             Began as a Troll Monk on Aug 1, 2016.
             Succumbed to Sarzael's ghost's poison
             ... on level 3 of the Dungeon.
             The game lasted 00:02:12 (1146 turns).

mistymad the Ruffian (Troll Monk)                   Turns: 1146, Time: 00:02:13

Health: 0/37       AC:  5    Str: 19    XL:     3   Next: 87%
Magic:  2/2        EV: 10    Int:  7    God:
Gold:   124        SH:  0    Dex: 12    Spells: 0 memorised, 2 levels left

rFire  . . .     SeeInvis .       - Unarmed
rCold  . . .     Gourm    +     a - +0 robe
rNeg   . . .     Faith    .     (no shield)
rPois  .         Spirit   .     (helmet restricted)
rElec  .         Dismiss  .     (no cloak)
rCorr  .         Reflect  .     (gloves unavailable)
SustAt .         Harm     .     (boots unavailable)
MR     .....                    (no amulet)
Stlth  +.........               (no ring)
                                (no ring)

@: lethally poisoned (0 -> -10), not resistant to hostile enchantments, very
unstealthy
A: unfitting armour, claws 3, fast metabolism 3, gourmand, regeneration 2,
shaggy fur 1, tough skin 2
a: no special abilities


You were on level 3 of the Dungeon.
You were completely stuffed.

You visited 1 branch of the dungeon, and saw 3 of its levels.

You collected 124 gold pieces.

Inventory:

Armour
 a - a +0 robe (worn)
Scrolls
 c - 2 scrolls of random uselessness {unknown}
 g - 4 scrolls of remove curse {unknown}
 l - a scroll of blinking {unknown}
 m - a scroll of noise {unknown}
 n - a scroll of teleportation {unknown}
Potions
 d - a potion of lignification {unknown}
 e - 2 potions of heal wounds {unknown}
 i - a potion of curing {unknown}
 j - a potion of magic
 k - a potion of resistance {unknown}
 p - a potion of degeneration {unknown}
Comestibles
 b - 4 bread rations
 f - 2 meat rations
 h - a beef jerky
 o - 4 chunks of flesh


   Skills:
 + Level 3.0 Fighting
 + Level 2.8 Dodging
 - Level 1.2 Stealth
 + Level 3.7 Unarmed Combat


You had 2 spell levels left.
You didn't know any spells.

Dungeon Overview and Level Annotations

Branches:
Dungeon (3/15)

Altars:
Ru
Vehumet

Annotations:
D:3 Sarzael's ghost, amateur DsCK


Innate Abilities, Weirdness & Mutations

You are too large for most types of armour.
You have claws for hands.
Your metabolism is lightning-fast.
You like to eat raw meat.
You heal very quickly.
You are covered in fur. (AC +1)
You have very tough skin. (AC +2)


Message History

You claw Sarzael's ghost!
Sarzael's ghost is lightly damaged.
You feel sick. Sarzael's ghost hits you!
* * * LOW HITPOINT WARNING * * *
You are lethally poisoned!
You take 8 damage, and have 6/37 hp.
MASSIVE DAMAGE!!
* * * LOW HITPOINT WARNING * * *
You feel sick.
You take 2 damage, and have 4/37 hp.
* * * LOW HITPOINT WARNING * * *
You feel sick.
You take 1 damage, and have 3/37 hp.
* * * LOW HITPOINT WARNING * * *
You feel sick.
You take 2 damage, and have 1/37 hp.
Press: ? - help, v - describe, . - travel
Here: Sarzael's ghost, wielding a weapon of chaos (lightly damaged)
The floor, spattered with blood.
It was a potion of magic.
Magic courses through your body.
You die...

.......
.......
.......
.S.....###
.....g.S.#
.......#.#
###'####.#
# ###g####
.##...W@.#
......>##.#
#.##.####.#
.. #....#.#
#######.#.#
#.........#
.#####.###
#####.#
#.....#


You could see Sarzael's ghost and a goblin.

Vanquished Creatures
  An adder (D:3)
  2 worms (D:2)
  2 dart slugs (D:2)
  3 giant geckos (D:1)
  2 ball pythons (D:2)
  3 bats
  A giant cockroach (D:1)
  3 goblins
  8 hobgoblins
  5 kobolds
  A quokka (D:2)
  3 giant newts
  5 rats
39 creatures vanquished.

Notes
Turn   | Place    | Note
-------+----------+-------------------------------------------
     0 | D:1      | mistymad the Troll Monk began the quest for the Orb.
     0 | D:1      | Reached XP level 1. HP: 22/22 MP: 0/0
   208 | D:1      | Reached XP level 2. HP: 29/29 MP: 1/1
   695 | D:2      | Reached XP level 3. HP: 36/36 MP: 2/2
   859 | D:2      | Found a sacrificial altar of Ru.
  1089 | D:2      | Found a radiant altar of Vehumet.
  1137 | D:3      | Noticed Sarzael's ghost (amateur DsCK)
  1145 | D:3      | HP: 1/37 [poisoned by Sarzael's ghost]
  1146 | D:3      | Succumbed to Sarzael's ghost's poison

Vault maps used:
D:1:      nicolae_arrival_memento_mori, hangedman_decor_peaks_small
D:2:      lemuel_doored_altar, lemuel_coloured_pillars_altar, first_bread
D:3:      ecumenical_altar_1

Skill      XL: |  1  2  3 |
---------------+----------+-----
Fighting       | 3 |  3.0
Dodging        | |  2.8
Stealth        | |  1.2
Unarmed Combat | |  3.7

Action                   || total
-------------------------++-------
Melee: Unarmed           ||   104
  Use: Potion            ||     1
 Stab: Sleeping          ||     4
  Eat: Chunk             ||    16
Armor: Robe              ||    33
Dodge: Dodged            ||    38
